 Dungeon Crawl Stone Soup version 0.31-a0-188-g5e087ee2ca (webtiles) character file.

Game seed: 3170354777460311085

1224 qw the Skirmisher (level 8, -6/46 HPs)
             Began as a Deep Elf Hunter on June 23, 2023.
             Killed by divine providence
             ... invoked by an orc priest
              (12 damage)
             ... on level 6 of the Dungeon.
             The game lasted 00:02:04 (5237 turns).

qw the Skirmisher (Deep Elf Hunter)                 Turns: 5237, Time: 00:02:04

Health: -6/46      AC:  8    Str:  8 (10) XL:     8   Next: 23%
Magic:  10/10      EV: 16    Int: 15      God:
Gold:   226        SH:  0    Dex: 16 (18) Spells: 7/7 levels left

rFire   . . .        Y - +3 shortbow
rCold   . . .        (shield currently unavailable)
rNeg    . . .        f - +0 ring mail
rPois   .            j - +0 helmet
rElec   .            (no cloak)
rCorr   .            k - +1 pair of gloves
SInv    .            (no boots)
Will    .....        (no amulet)
Stlth   +            l - +5 ring of evasion
HPRegen 0.27/turn    (no ring)
MPRegen 0.12/turn

%: no passive effects
@: no status effects
A: no striking features
a: no special abilities


You were on level 6 of the Dungeon.
You visited 2 branches of the dungeon, and saw 7 of its levels.

You collected 316 gold pieces.
You spent 90 gold pieces at shops.


   Skills:
 - Level 3.0 Fighting
 + Level 12.6 Ranged Weapons
 - Level 1.3 Armour
 - Level 3.6 Dodging
 - Level 1.2 Stealth


You had 7 spell levels left.
You didn't know any spells.
Your spell library was empty.

Inventory:

Hand Weapons
 Y - a +3 shortbow (weapon)
Armour
 f - a +0 ring mail (worn)
 j - a +0 helmet (worn)
 k - a +1 pair of gloves (worn)
Jewellery
 l - a +5 ring of evasion (left hand)
Scrolls
 a - a scroll of identify
 b - a scroll of fog {unknown}
Potions
 g - a potion of cancellation {unknown}
 i - a potion of magic {unknown}
 m - a potion of mutation {unknown}
 n - a potion of haste
 o - a potion of might {unknown}

Dungeon Overview and Level Annotations

Branches:
Dungeon (6/15)             Temple (1/1) D:4

Altars:
Cheibriados
Dithmenos
Elyvilon
Hepliaklqana
Kikubaaqudgha
Nemelex Xobeh
Ru
Sif Muna
Trog
Xom
Yredelemnul
The Shining One

Shops:
D:2 ?   D:4 [

Annotations:
D:3 2 transporters, qw's ghost, amateur DEHu


Message History

The gnoll sergeant is heavily wounded.
A gnoll comes into view. It is wielding a +0 spear.
You shoot an arrow. The arrow hits the gnoll sergeant.
The gnoll sergeant is severely wounded.
The orc priest begins to cast a cantrip, but forgets the words!
The gnoll sergeant misses you.
You shoot an arrow.
The arrow barely misses the gnoll sergeant.
The arrow hits the orc but does no damage.
The gnoll sergeant hits you but does no damage.
You shoot an arrow. The arrow hits the gnoll sergeant.
The gnoll sergeant is almost dead.
The gnoll sergeant hits you from afar with a +0 spear.
The orc priest invokes the aid of Beogh against you.
Beogh smites you!
You shoot an arrow. The arrow hits the orc.
The orc is almost dead.
The orc closely misses you.
The orc throws a boomerang.
The boomerang closely misses you.
The gnoll sergeant hits you from afar with a +0 spear.
You shoot an arrow. The arrow barely misses the orc.
The orc hits you with a +0 whip. The gnoll barely misses you.
The gnoll sergeant misses you. The orc barely misses you.
You shoot an arrow. The arrow hits the orc!
You kill the orc!
The gnoll sergeant hits you from afar with a +0 spear.
The orc barely misses you. The gnoll barely misses you.
You shoot an arrow. The arrow hits the orc priest.
The orc priest is heavily wounded.
The adder closely misses you. The gnoll misses you.
The gnoll closely misses you.
The orc priest hits you but does no damage.
The gnoll sergeant hits you from afar with a +0 spear.
The orc closely misses you.
You shoot an arrow. The arrow hits the orc priest.
The orc priest is severely wounded.
The adder misses you. The adder barely misses you.
The orc priest calls down the wrath of Beogh upon you.
Beogh smites you!
You die...

# #...#.......... #
####..##..........
###..)...+.........
..#.##..##........
....<.).........#
.......##.......#
....#...#.......########
........)...............
...##.....#####.@S......
....#.##.......ogog.....
....#...........o.g.....
..).#####...............
...)#.....#####.........
###)).........#.........
#...........#.........
#...........#.........
#...........#


You could see a gnoll sergeant, an orc priest, 2 gnolls, an adder and 2 orcs.

Vanquished Creatures
  A water moccasin (D:5)
  A sky beast (D:5)
  2 ogres (D:5)
  2 phantoms
  A bullfrog (D:5)
  2 scorpions
  A gnoll bouda (D:6)
  2 hounds
  A jelly (D:4)
  Jessica (D:2)
  2 iguanas (D:4)
  Natasha (thrice) (D:3)
  Robin (D:2)
  8 gnolls (D:6)
  8 adders
  2 worms (D:3)
  2 dart slugs (D:2)
  8 orcs
  7 endoplasms
  3 giant cockroaches
  15 goblins
  6 hobgoblins
  5 jackals
  5 quokkas
  5 ball pythons
  2 bats
  A frilled lizard (D:2)
  7 kobolds
  5 rats
109 creatures vanquished.

Notes
Turn   | Place    | Note
-------+----------+-------------------------------------------
     0 | D:1      | qw the Deep Elf Hunter began the quest for the Orb.
     0 | D:1      | Reached XP level 1. HP: 12/12 MP: 3/3
     0 | D:1      | 0 ||| qw: Version: 0.3-a-9-g12657ce
     0 | D:1      | 0 ||| qw: Game counter: 3824
     0 | D:1      | 0 ||| qw: Always use a shield: true
     0 | D:1      | 0 ||| qw: God list: Okawaru
     0 | D:1      | 0 ||| qw: Allow faded altars: false
     0 | D:1      | 0 ||| qw: Do Orc after D:15 true
     0 | D:1      | 0 ||| qw: Do second Lair branch before Depths: true
     0 | D:1      | 0 ||| qw: Lair rune preference: random
     0 | D:1      | 0 ||| qw: Plans: Normal
     0 | D:1      | 0 ||| PLANNING D:1-11
   651 | D:1      | Reached XP level 2. HP: 16/16 MP: 4/4
   681 | D:1      | Reached skill level 6 in Ranged Weapons
   694 | D:1      | 694 ||| DROPPING +1 sling of freezing.
   842 | D:1      | 842 ||| UPGRADING to +0 scale mail.
   852 | D:1      | 852 ||| DROPPING +0 leather armour.
   853 | D:1      | 853 ||| UPGRADING to +0 ring mail.
   863 | D:1      | 863 ||| DROPPING +0 scale mail.
   864 | D:1      | 864 ||| UPGRADING to +0 pair of gloves.
   869 | D:1      | 869 ||| READING scroll labelled HEAPEO QETYPNA.
   870 | D:1      | 870 ||| READING 3 scrolls labelled ZEFER WUNI.
   871 | D:1      | 871 ||| READING 2 scrolls labelled LAFI VAEHAF.
   872 | D:1      | 872 ||| READING scroll of enchant weapon.
   872 | D:1      | 872 ||| ENCHANTING +1 shortbow.
   873 | D:1      | 873 ||| READING scroll labelled QIUGONT PUHIQ.
   874 | D:1      | 874 ||| DRINKING 2 brown potions.
   875 | D:1      | 875 ||| DROPPING scroll of butterflies.
   876 | D:1      | 876 ||| DROPPING 2 scrolls of blinking.
   902 | D:2      | Noticed Jessica
   905 | D:2      | Killed Jessica
   906 | D:2      | Reached XP level 3. HP: 20/20 MP: 5/5
   954 | D:2      | 954 ||| READING scroll of enchant weapon.
   954 | D:2      | 954 ||| ENCHANTING +2 shortbow.
  1093 | D:2      | Found Piunkent's Magic Scroll Boutique.
  1101 | D:2      | 1101 ||| BUYING scroll of enchant armour (90 gold).
  1101 | D:2      | Bought a scroll of enchant armour for 90 gold pieces
  1101 | D:2      | 1101 ||| SHOPLISTING scroll of enchant armour (90 gold,
                  | have 0).
  1101 | D:2      | 1101 ||| SHOPLISTING scroll of enchant weapon (90 gold,
                  | have 0).
  1101 | D:2      | 1101 ||| SHOPLISTING scroll of teleportation (36 gold, have
                  | 0).
  1101 | D:2      | 1101 ||| READING scroll of enchant armour.
  1101 | D:2      | 1101 ||| ENCHANTING +0 pair of gloves.
  1150 | D:2      | Reached skill level 7 in Ranged Weapons
  1298 | D:2      | 1298 ||| FLEEEEING.
  1387 | D:2      | Noticed Robin
  1389 | D:2      | Killed Robin
  1390 | D:2      | Reached XP level 4. HP: 25/25 MP: 6/6
  1858 | D:2      | Found a faded altar of an unknown god.
  1861 | D:2      | 1861 ||| UPGRADING to +0 helmet.
  1866 | D:2      | 1866 ||| READING 2 scrolls labelled HENNOAPTUO.
  1867 | D:2      | 1867 ||| READING scroll labelled QANGOXTECI.
  1871 | D:2      | 1871 ||| READING scroll labelled FUKEZX ONNECIO.
  1872 | D:2      | 1872 ||| READING scroll labelled GER CIYWKINOAJ.
  1873 | D:2      | 1873 ||| READING scroll labelled TIOJ YXTUNO HEMOV.
  1875 | D:2      | 1875 ||| Stepping ~*~*~tactically~*~*~ (cloud).
  1876 | D:2      | 1876 ||| DRINKING potion of curing.
  1876 | D:2      | 1876 ||| (to cure poison)
  1985 | D:3      | Found a transporter.
  2010 | D:3      | Noticed qw's ghost (amateur DEHu)
  2011 | D:3      | Noticed a phantom
  2041 | D:3      | Reached skill level 8 in Ranged Weapons
  2042 | D:3      | Found a transporter.
  2228 | D:3      | Noticed Natasha
  2234 | D:3      | Killed Natasha
  2235 | D:3      | Reached XP level 5. HP: 27/29 MP: 7/7
  2324 | D:3      | Noticed Natasha
  2330 | D:3      | Killed Natasha
  2361 | D:3      | Noticed Natasha
  2363 | D:3      | Killed Natasha
  2364 | D:3      | Reached skill level 9 in Ranged Weapons
  2621 | D:3      | Found a glowing golden altar of the Shining One.
  2648 | D:3      | 2648 ||| UPGRADING to +5 ring of evasion.
  2649 | D:3      | 2649 ||| DRINKING 2 glowing purple potions.
  2650 | D:3      | 2650 ||| DRINKING 2 orange potions.
  2651 | D:3      | 2651 ||| DROPPING potion of brilliance.
  2728 | D:4      | Reached skill level 1 in Armour
  2728 | D:4      | Reached XP level 6. HP: 35/35 MP: 8/8
  2817 | D:4      | Found an ancient bone altar of Kikubaaqudgha.
  2844 | D:4      | Found Ygginn's Armour Boutique.
  2853 | D:4      | 2853 ||| SHOPLISTING +2 leather armour of fire resistance
                  | (266 gold, have 164).
  2853 | D:4      | 2853 ||| SHOPLISTING +4 scale mail of cold resistance (434
                  | gold, have 164).
  2875 | D:4      | Reached skill level 10 in Ranged Weapons
  2914 | D:4      | Found a staircase to the Ecumenical Temple.
  2915 | D:4      | 2915 ||| PLANNING TEMPLE
  2915 | D:4      | 2915 ||| READING scroll labelled MOZENO JUPHAIM GEA.
  2916 | D:4      | 2916 ||| READING scroll labelled IFEASS HEPLAMP.
  2980 | D:4      | 2980 ||| READING scroll labelled HAOBAVV FISS.
  2986 | Temple   | Entered the Ecumenical Temple
  3121 | Temple   | 3121 ||| PLANNING D:1-11
  3172 | D:4      | Reached skill level 3 in Dodging
  3280 | D:4      | 3280 ||| READING 2 scrolls of identify.
  3280 | D:4      | 3280 ||| IDENTIFYING bubbling cyan potion
  3281 | D:4      | 3281 ||| DROPPING potion of attraction.
  3286 | D:4      | Reached XP level 7. HP: 40/40 MP: 9/9
  3405 | D:4      | 3405 ||| DRINKING 2 amethyst potions.
  3445 | D:4      | 3445 ||| DROPPING potion of lignification.
  3480 | D:5      | Entered Level 5 of the Dungeon
  3655 | D:5      | Reached skill level 11 in Ranged Weapons
  4180 | D:5      | Found a shadowy altar of Dithmenos.
  4204 | D:5      | Reached skill level 12 in Ranged Weapons
  4259 | D:5      | Identified the +0 robe "Fyloquig" {Dex-5 SInv Archmagi}
  4534 | D:5      | 4534 ||| DROPPING +0 robe "Fyloquig" {Dex-5 SInv Archmagi}.
  4535 | D:5      | 4535 ||| READING scroll labelled FAOKHO SURU.
  4636 | D:5      | 4636 ||| DRINKING 2 cyan potions.
  4637 | D:5      | 4637 ||| READING 2 scrolls of identify.
  4637 | D:5      | 4637 ||| IDENTIFYING fuming grey potion
  4638 | D:5      | 4638 ||| DROPPING potion of degeneration.
  4665 | D:6      | 4665 ||| STAIRDANCE
  4668 | D:5      | HP: 9/40 [bullfrog (6)]
  4669 | D:5      | 4669 ||| READING scroll of teleportation.
  4670 | D:5      | 4670 ||| DRINKING potion of heal wounds.
  4720 | D:6      | 4720 ||| STAIRDANCE
  4723 | D:5      | Reached skill level 3 in Fighting
  4723 | D:5      | Reached XP level 8. HP: 27/46 MP: 10/10
  4799 | D:6      | 4799 ||| STAIRDANCE
  4814 | D:5      | 4814 ||| FLEEEEING.
  4879 | D:6      | 4879 ||| STAIRDANCE
  4908 | D:6      | 4908 ||| STAIRDANCE
  5021 | D:6      | 5021 ||| Stepping ~*~*~tactically~*~*~ (outnumbered).
  5024 | D:6      | 5024 ||| Stepping ~*~*~tactically~*~*~ (outnumbered).
  5026 | D:6      | 5026 ||| Stepping ~*~*~tactically~*~*~ (outnumbered).
  5236 | D:6      | HP: 6/46 [gnoll sergeant/+0 spear (6)]
  5237 | D:6      | Killed from afar by an orc priest

Levels and vault maps discovered:
D:1:      amcnicky_arrival_underground_garden, layout_loops_corners,
          grunt_decor_mini_mirrors
D:2:      layout_loops_corners, hellmonk_ecumenical_altar_prayer_group,
          serial_shops, shop, kennysheep_generic_room_4, uniq_robin,
          uniq_jessica
D:3:      minmay_bubble_buster, layout_rooms, mainiacjoe_overflow_alcove_4,
          gammafunk_ghost_arena, uniq_natasha
D:4:      layout_cave_pools, mainiacjoe_overflow_alcove_1,
          minmay_temple_entry_fiery, grunt_ministairs_15, reono_crystal_passage,
          minmay_shop_grid_forest, chequers_serial_rivers_small_b
D:5:      layout_layer_cave, grunt_dithmenos_shadows
D:6:      layout_basic, mainiacjoe_overflow_small_starburst,
          mainiacjoe_overflow_alcove_2, nicolae_overflow_hidden_temple,
          uniq_menkaure
Temple:   hellmonk_temple_forest_ring

Skill      XL: |  1  2  3  4  5  6  7 |
---------------+----------------------+-----
Ranged Weapons | 6 7 8 9 10 12 | 12.6
Fighting       | 2 3 |  3.0
Armour         | 1 |  1.3
Dodging        | 3 |  3.6
Stealth        | |  1.2

Action                     |  1- 3 |  4- 6 |  7- 9 || total
---------------------------+-------+-------+-------++-------
   Fire: Shortbow          |    77 |   176 |   149 ||   402
    Use: Scroll            |     7 |     9 |     3 ||    19
         Potion            |     1 |     3 |     3 ||     7
 Armour: Ring mail         |     3 |    28 |    19 ||    50
  Dodge: Dodged            |     9 |    57 |   103 ||   169

Table legend:
 A = Non-vault XP
 B = Vault XP
 C = Vault XP percentage of total XP
 D = Non-vault monster count
 E = Vault monster count
 F = Vault count percentage of total count
                 A         B        C        D         E       F
            +---------+---------+-------+---------+---------+-------
      Total |    1369 |     380 |  21.7 |      81 |      28 |  25.7
            +---------+---------+-------+---------+---------+-------
        D:1 |      13 |       0 |   0.0 |       8 |       0 |   0.0
        D:2 |      44 |      70 |  61.4 |      18 |      11 |  37.9
        D:3 |     123 |      94 |  43.3 |      14 |      14 |  50.0
        D:4 |     277 |     115 |  29.3 |      21 |       2 |   8.7
        D:5 |     754 |     101 |  11.8 |      10 |       1 |   9.1
        D:6 |     158 |       0 |   0.0 |      10 |       0 |   0.0
            +---------+---------+-------+---------+---------+-------
